cohdb
Replays
Latest Replays
All Replays
Popular Replays
Top Player Replays
Match Explorer
How It Works
Community
CoH3 Stats
Reddit
Sign in to upload your games and track your stats! →
Sign in with Steam
Match 47286064
Unlisted
Match 47286064
Overview
Messages
Build Orders
End
Pioneer Squad
Construct Infanterie Kompanie
Selects Terror Battlegroup
Selects Machine Gun Camouflage
MG 42 Machine Gun Team
GrW 34 Mortar Team
Grenadier Squad
Grenadier Squad
Infanterie Officer Quarters
Construct Panzergrenadier Kompanie
Grenadier Squad
Support Elements
Selects Defend the Fatherland
Nebelwerfer 42 Rocket Launcher Team
Medical Station
StuG III G Assault Gun
Selects Contempt for the Weak
Demi
alloverU LIKEARASH
Boneless
Arwootarch
0
0
Comments
sign in to comment!
No comments posted yet!